 Dungeon Crawl Stone Soup version 0.25.1-2-g60ff931df9 (webtiles) character file.

Game seed: 3444333435821004912

8 sahdkjhfkaj the Sneak (level 2, 13/13 HPs)
             Began as a Spriggan Enchanter on Oct 6, 2020.
             Quit the game on level 1 of the Dungeon.
             The game lasted 00:00:25 (400 turns).

sahdkjhfkaj the Sneak (Spriggan Enchanter)           Turns: 400, Time: 00:00:26

Health: 13/13      AC:  2    Str:  4    XL:     2   Next: 0%
Magic:  6/6        EV: 18    Int: 16    God:
Gold:   12         SH:  0    Dex: 16    Spells: 5/6 levels left

rFire    . . .     SeeInvis +   a - +1 dagger
rCold    . . .     Gourm    .   (shield restricted)
rNeg     . . .     Faith    .   b - +0 robe
rPois    .         Spirit   .   (helmet restricted)
rElec    .         Reflect  .   (no cloak)
rCorr    .         Harm     .   (gloves unavailable)
MR       .....                  (boots unavailable)
Stlth    +++.......             (no amulet)
HPRegen  0.04/turn              (no ring)
MPRegen  0.10/turn              (no ring)

@: very quick
A: very small, unfitting armour, see invisible, herbivore, speed 3, slow
metabolism 2
a: no special abilities


You were on level 1 of the Dungeon.
You were not hungry.

You visited 1 branch of the dungeon, and saw 1 of its levels.

You collected 12 gold pieces.

Inventory:

Hand Weapons
 a - a +1 dagger (weapon)
Armour
 b - a +0 robe (worn)
Scrolls
 c - 5 scrolls of magic mapping {unknown}
Potions
 e - a potion of heal wounds {unknown}
Comestibles
 d - a ration


   Skills:
 - Level 1.1 Short Blades
 - Level 3.0 Dodging
 + Level 5.4 Stealth
 - Level 2.6 Spellcasting
 - Level 3.6 Hexes


You had 5 spell levels left.
You knew the following spells:

 Your Spells              Type           Power        Failure   Level  Hunger
a - Corona                Hex            ##.....      4%          1    #......

Your spell library contained the following spells:

 Spells                   Type           Power        Failure   Level  Hunger
 Confusing Touch          Hex            ##......     13%         3    ###....
 Tukima's Dance           Hex            ##......     13%         3    ###....
 Ensorcelled Hibernation  Hex/Ice        #.....       14%         2    ##.....
 Dazzling Flash           Conj/Hex       #.....       28%         3    ###....


Dungeon Overview and Level Annotations

Branches:
Dungeon (1/15)

Altars:


Innate Abilities, Weirdness & Mutations

You are very small and have problems with some larger weapons.
You are too small for most types of armour.
You have supernaturally acute eyesight. (SInv)
You are a herbivore.
You cover ground extremely quickly.
You need to consume almost no food.


Message History

You see here a rat corpse.
A rat is nearby!
A goblin comes into view.
A bat, a goblin and a kobold come into view.
Found 14 gold pieces and 2 lumpy cyan potions.
You see here a scroll labeled VOATAG PAIHI.
You closely miss the rat.
The kobold shouts!
A bat comes into view.
The rat twitches its whiskers.
The rat closely misses you.
The bat moves out of view.
You hit the rat but do no damage. The rat misses you.
You hit the rat.
The rat is severely wounded.
The bat hits you but does no damage. The rat barely misses you.
You hit the rat.
You kill the rat!
You have reached level 2!
The bat closely misses you.
Are you sure you want to abandon this character and quit the game? (Confirm with "yes".)

#........#
#........# ...
#........# ###..#
#........# ..$..##
#........# .......
#####.#####!......
#...†.#...$g..
######.#bb.....
........@...K...
..#####.#.......
...#.......
#..##....... ....
....... #.#..
####### .....g
#####


You could see a goblin, 2 bats and a kobold.

Vanquished Creatures
  2 goblins (D:1)
  A hobgoblin (D:1)
  2 ball pythons (D:1)
  4 rats (D:1)
9 creatures vanquished.

Notes
Turn   | Place    | Note
-------+----------+-------------------------------------------
     0 | D:1      | sahdkjhfkaj the Spriggan Enchanter began the quest for the
                  | Orb.
     0 | D:1      | Reached XP level 1. HP: 9/9 MP: 5/5
   213 | D:1      | Reached skill level 5 in Stealth
   399 | D:1      | Reached XP level 2. HP: 13/13 MP: 6/6
   400 | D:1      | Quit the game

Illustrated notes

Levels and vault maps discovered:
D:1:      sevenhm_arrival_forest_fort_large_1, layout_basic, minmay_liquid_box,
          minmay_pentomino_r2

Skill      XL: |  1 |
---------------+----+-----
Stealth        | 5 |  5.4
Short Blades   | |  1.1
Dodging        | |  3.0
Spellcasting   | |  2.6
Hexes          | |  3.6

Action                   || total
-------------------------++-------
Melee: Dagger            ||    36
 Cast: Corona            ||     5
 Stab: Sleeping          ||     1
Armor: Robe              ||     5
Dodge: Dodged            ||    28
